 Dungeon Crawl Stone Soup version 0.30-a0-322-g102857c98e (webtiles) character file.

Game seed: 5098757352552555233

17 NinjaNoafa the Cutter (level 2, -2/22 HPs)
             Began as a Merfolk Gladiator on Oct 27, 2022.
             Slain by a worm (5 damage)
             ... on level 2 of the Dungeon.
             The game lasted 00:01:22 (1199 turns).

NinjaNoafa the Cutter (Merfolk Gladiator)           Turns: 1199, Time: 00:01:22

Health: -2/22      AC:  4    Str: 14    XL:     2   Next: 62%
Magic:  2/2        EV: 13    Int:  7    God:
Gold:   26         SH:  0    Dex: 15    Spells: 1/1 levels left

rFire   . . .      SeeInvis .    a - +0 rapier
rCold   . . .      Faith    .    (no shield)
rNeg    . . .      Spirit   .    b - +0 leather armour
rPois   .          Reflect  .    c - +0 helmet
rElec   .          Harm     .    (no cloak)
rCorr   .          Rampage  .    (no gloves)
Will    .....                    (no boots)
Stlth   +.........               (no amulet)
HPRegen 0.23/turn                (no ring)
MPRegen 0.08/turn                (no ring)

@: no status effects
A: (nimble swimmer 2), mertail
a: no special abilities


You were on level 2 of the Dungeon.
You visited 1 branch of the dungeon, and saw 2 of its levels.

You collected 26 gold pieces.

Inventory:

Hand Weapons
 a - a +0 rapier (weapon)
Missiles
 d - a throwing net (quivered)
 f - 16 stones
Armour
 b - a +0 leather armour (worn)
 c - a +0 helmet (worn)
Scrolls
 i - a scroll of enchant weapon {unknown}


   Skills:
 - Level 2.1 Fighting
 + Level 4.7 Short Blades
 - Level 2.0 Throwing
 - Level 4.0 Dodging


You had one spell level left.
You didn't know any spells.
Your spell library was empty.

Dungeon Overview and Level Annotations

Branches:
Dungeon (2/15)

Altars:


Innate Abilities, Weirdness & Mutations

((You are very nimble when in or above water. (Stealth+, EV+, Speed+++)))
Your lower body shifts to a powerful aquatic tail in water.


Message History

The adder closely misses you. The worm closely misses you.
You hit the worm.
The worm is heavily wounded.
The adder barely misses you. The adder bites you.
You are poisoned.
The adder poisons you!
You hit the worm.
The worm is severely wounded.
You feel sick. The adder barely misses you. The worm bites you.
You hit the worm.
The worm is severely wounded.
You feel sick. The adder barely misses you. The worm bites you!
* * * LOW HITPOINT WARNING * * *
Unknown command.
It was a potion of curing.
You feel better. The adder bites you. x2
The air fills with toxic fumes!
As you read the scroll labelled OLIOX DEFROPI, it crumbles to dust.
It was a scroll of poison.
The adder closely misses you.
Really walk into that cloud of poison gas? [Y]es or [N]o only, please.
Really walk into that cloud of poison gas? [Y]es or [N]o only, please.
Really walk into that cloud of poison gas? [Y]es or [N]o only, please.
Really walk into that cloud of poison gas?
Okay, then.
Throw: 3 throwing nets
Press: ? - help, Q - select action, (/) - cycle Shift-Dir - straight line, f - adder, p - worm
Aim: an adder (42% to hit)
You throw a throwing net. The throwing net misses the adder.
The adder barely misses you. The worm bites you.
* * * LOW HITPOINT WARNING * * *
Throw: 2 throwing nets
Press: ? - help, Q - select action, (/) - cycle Shift-Dir - straight line, f/p - adder
Aim: an adder (42% to hit)
You throw a throwing net. The throwing net hits the adder.
The adder is caught in the net!
The adder struggles against the net. x2
You barely miss the adder. The worm bites you.
You die...

##...#### ##...###....
............ ##...###.§..
##...###.§§.. ######
.........§#§#######§§§§§.
#########§§§§§§§§§§§§§§§.
# ..#§§§§§§§§w§§§§§§. #
#####.#§§§§§§§@S§§§§§§. #
#...#.#§§§§######§§§§§. #
#...#.#§...# .§§§.
#.##....#....# ..§.
#.......#....# ...
#######.#.#>## ..
........#.#.# .
#.........#.#
#.......###.#


You could see a worm and an adder (caught).

Vanquished Creatures
  A worm (D:2)
  An endoplasm (D:1)
  2 hobgoblins (D:1)
  A quokka (D:1)
  2 ball pythons
  5 bats (D:1)
  2 frilled lizards (D:1)
  A kobold (D:1)
15 creatures vanquished.

Notes
Turn   | Place    | Note
-------+----------+-------------------------------------------
     0 | D:1      | NinjaNoafa the Merfolk Gladiator began the quest for the
                  | Orb.
     0 | D:1      | Reached XP level 1. HP: 16/16 MP: 1/1
   153 | D:1      | Reached XP level 2. HP: 21/22 MP: 2/2
   265 | D:1      | Found a faded altar of an unknown god.
  1199 | D:2      | Slain by a worm

Illustrated notes

Levels and vault maps discovered:
D:1:      saegor_arrival_simple_c, layout_basic,
          shapermc_ecumenical_altar_totnotflames
D:2:      cheibrodos_old_hovel, layout_basic

Skill      XL: |  1 |
---------------+----+-----
Short Blades   | 4 |  4.7
Fighting       | |  2.1
Throwing       | |  2.0
Dodging        | |  4.0

Action                   || total
-------------------------++-------
Melee: Rapier            ||    80
Throw: Javelin           ||     3
       Throwing net      ||     2
  Use: Scroll            ||     1
       Potion            ||     1
Armor: Leather armour    ||    34
Dodge: Dodged            ||   101

Table legend: (Time is in decaauts)
 A = Elapsed time spent in this place.
 B = Non-inter-level travel time spent in this place.
 C = Inter-level travel time spent in this place.
 D = Time resting spent in this place.
 E = Time spent auto-exploring this place.
 F = Levels seen in this place.
 G = Mean time per level.
                   A        B        C        D        E       F      G
               +--------+--------+--------+--------+--------+-----+--------+
         Total |   1199 |   1169 |     30 |      0 |    978 |   2 |  599.5 |
       Dungeon |   1199 |   1169 |     30 |      0 |    978 |   2 |  599.5 |
               +--------+--------+--------+--------+--------+-----+--------+

Top non-repeatable levels by time:
     D:1: 1018 daAuts
     D:2: 180 daAuts
